 Dungeon Crawl Stone Soup version 0.20.1-1-g8b1a95d (webtiles) character file.

13902 Gremour the Fencer (level 11, 0/82 HPs)
             Began as a Red Draconian Monk on Oct 11, 2017.
             Was a High Priest of Okawaru.
             Slain by a red ugly thing (3 damage)
             ... on level 11 of the Dungeon.
             The game lasted 01:21:38 (11510 turns).

Gremour the Fencer (Red Draconian Monk)            Turns: 11510, Time: 01:21:39

Health: 0/82       AC: -4    Str: 19    XL:     11   Next: 81%
Magic:  14/14      EV: 13    Int: 13    God:    Okawaru [*****.]
Gold:   773        SH:  5    Dex: 16    Spells: 10/10 levels left

rFire    + + +     SeeInvis +   b - +0 long sword (curse)
rCold    + + .     Gourm    .   B - +1 buckler {AC+3}
rNeg     . . .     Faith    .   (armour unavailable)
rPois    +         Spirit   .   (helmet restricted)
rElec    +         Reflect  .   f - scarf {rC+ rF+}
rCorr    +         Harm     .   (no gloves)
MR       .....                  M - +1 pair of boots
Stlth    +++.......             d - amulet of rage
Regen    0.0/turn               y - ring of see invisible
MPRegen  0.2/turn               D - ring of stealth

@: mighty, short of breath, resistant, corroded
A: breathe fire, unfitting armour, claws 1, hooves 1, clever 1, fire resistance
2, inhibited regeneration, cold-blooded, AC +7
a: Breathe Fire, Heroism, Finesse, Renounce Religion, Evoke Berserk Rage


You were on level 11 of the Dungeon.
You worshipped Okawaru.
Okawaru was extremely pleased with you.
You were not hungry.

You visited 2 branches of the dungeon, and saw 12 of its levels.
You also visited: Sewer.

You collected 773 gold pieces.

Inventory:

Hand Weapons
 a - the +4 triple sword of Sloth {slice, rF+}
   (Okawaru gifted it to you on level 8 of the Dungeon)

   It inflicts extra damage upon your enemies.
   It protects you from fire.
 b - a cursed +0 long sword (weapon)
 I - a +1 short sword of holy wrath
 N - a +6 glaive of freezing
Missiles
 O - 4 silver tomahawks (quivered)
Armour
 f - a scarf of resistance (worn)
 B - a +1 buckler of protection (worn)
 H - a +0 shield
 M - a +1 pair of boots (worn)
Magical Staves
 j - an uncursed staff of earth
Jewellery
 d - an amulet of rage (around neck)
 q - an uncursed amulet of magic regeneration
 u - an uncursed ring of flight
 y - a ring of see invisible (left claw)
 C - a +1 ring of protection
 D - a ring of stealth (right claw)
 F - an uncursed ring of ice
Wands
 r - a wand of polymorph (6/24)
 t - a wand of flame (48/48)
 G - a wand of flame (1/48)
 J - a wand of confusion (29/48)
 Q - a wand of flame (33/48)
Scrolls
 i - 2 scrolls of identify
 n - 3 scrolls of teleportation
 o - a scroll of remove curse
 w - a scroll of magic mapping
 A - a scroll of recharging
 L - a scroll of fear
 R - a scroll of fog
 S - a scroll of enchant armour
 T - a scroll of summoning
Potions
 c - 9 potions of curing
 g - a potion of lignification
 l - 2 potions of haste
 m - 3 potions of brilliance
 p - 4 potions of flight
 z - a potion of magic
 E - a potion of ambrosia {unknown}
Books
 h - a book of Frost

   Spells                             Type                      Level
   a - Freeze                         Ice                          1
   b - Throw Frost                    Conjuration/Ice              2
   c - Ozocubu's Armour               Charms/Ice                   3
   d - Throw Icicle                   Conjuration/Ice              4
   e - Summon Ice Beast               Ice/Summoning                4
 s - a book of Maledictions

   Spells                             Type                      Level
   a - Corona                         Hexes                        1
   b - Ensorcelled Hibernation        Hexes/Ice                    2
   c - Confuse                        Hexes                        3
   d - Tukima's Dance                 Hexes                        3
   e - Dazzling Spray                 Conjuration/Hexes            3
Comestibles
 k - 3 royal jellies
 x - a meat ration
 K - 6 fruits
 U - 9 bread rations


   Skills:
 + Level 3.5 Fighting
 * Level 17.4 Long Blades
 + Level 2.9 Dodging
 - Level 1.8 Stealth
 * Level 0.8 Shields
 + Level 1.4 Invocations
 + Level 4.3 Evocations


You had 10 spell levels left.
You didn't know any spells.

Dungeon Overview and Level Annotations

Branches:
Dungeon (11/15)            Temple (1/1) D:5            Lair (0/6) D:9
    Orc (0/2) D:9

Altars:
Ashenzari
Cheibriados
Dithmenos
Elyvilon
Fedhas
Gozag
Hepliaklqana
Kikubaaqudgha
Makhleb
Nemelex Xobeh
Okawaru
Qazlal
Ru
Sif Muna
Trog
Uskayaw
Vehumet
Xom
Yredelemnul
Zin
The Shining One


Innate Abilities, Weirdness & Mutations

You can breathe blasts of fire.
Your fiery red scales are hard. (AC +7)
You cannot fit into any form of body armour.
Your flesh is very heat resistant. (rF++)
You are cold-blooded and may be slowed by cold attacks.
You have sharp fingernails.
You have large cloven feet.
Your mind is acute. (Int +2)
You do not regenerate when monsters are visible.


Message History

The brown ugly thing is heavily wounded.
You hit the brown ugly thing.
The brown ugly thing is heavily wounded.
You hit the brown ugly thing.
You tail-slap the brown ugly thing, but do no damage.
The brown ugly thing is heavily wounded.
The brown ugly thing tail-slaps you!
* * * LOW HITPOINT WARNING * * *
The acid corrodes you!
You are splashed with acid!
The acid burns!
You resist.
* * * LOW HITPOINT WARNING * * *
You don't know any spells.
Evoke which item? (* to show all) (? for menu, Esc to quit)
Aiming: Polymorph
Press: ? - help, Shift-Dir - straight line, f/p - brown ugly thing
Aim: a brown ugly thing (heavily wounded, chance to defeat MR: 41%)
The brown ugly thing basks in the mutagenic energy and changes!
This wand has 6 charges left.
The red ugly thing trunk-slaps you!
* * * LOW HITPOINT WARNING * * *
You are engulfed in flames.
You resist.
You die...

########################
#.............#..#.....#
#....)........#..'.....#
#.............#@.#.....#
.##.#####..#...#u.#..#..#
........#..#......#..#..#
........#..#......#..#..#
###.....#..#...####..####
#.....#..#......####
#.....#..#......#
#.....#..#......#
#.....#..#......#


You could see a red ugly thing.

Vanquished Creatures
  Josephine (D:10)
  2 two-headed ogres
  A death yak (D:8)
  Nergalle (D:10)
  An unseen horror (D:11)
  A deep elf mage (D:7)
  An elephant (D:9)
  The ghost of Zgarb the Skirmisher, a novice DsAK of Lugonu (D:4)
  A troll (D:11)
  3 hippogriffs
  Grinder (D:3)
  Prince Ribbit (D:6)
  5 wraiths (D:10)
  7 yaks
  2 basilisks (D:9)
  The ghost of mopl the Skirmisher, an amateur FoWn of Uskayaw (D:3)
  2 hungry ghosts (D:10)
  Duvessa (D:6)
  3 ice beasts
  3 sky beasts
  3 orc warriors
  A phantom (D:4)
  9 ogres
  6 centaurs
  A necrophage (D:8)
  6 big kobolds
  Blork the orc (D:6)
  7 bullfrogs
  A gnoll sergeant (D:6)
  Dowan (D:6)
  6 scorpions
  A howler monkey (D:8)
  7 crimson imps
  4 hounds
  A jelly (D:8)
  6 orc priests
  5 gnoll shamans (D:8)
  A centaur skeleton (D:4)
  2 iguanas
  16 orc wizards
  10 worker ants
  2 howler monkey zombies
  Robin (D:3)
  2 adders
  16 gnolls
  A shadow imp (D:3)
  5 oozes
  2 adder zombies
  An adder skeleton (D:4)
  4 dart slugs
  3 worms
  4 leopard geckos
  33 orcs
  8 bats
  8 giant cockroaches
  10 goblins
  9 hobgoblins
  13 jackals
  3 quokkas
  6 ball pythons
  10 frilled lizards
  33 kobolds
  13 rats
  3 fungi (D:8)
  A plant (D:6)
  A withered plant (D:6)
326 creatures vanquished.

Vanquished Creatures (others)
  An orc wizard (D:6)
  2 fungi (D:8)
  3 plants
6 creatures vanquished.

Grand Total: 332 creatures vanquished

Notes
Turn   | Place    | Note
-------+----------+-------------------------------------------
     0 | D:1      | Gremour the Draconian Monk began the quest for the Orb.
     0 | D:1      | Reached XP level 1. HP: 19/19 MP: 1/1
   274 | D:1      | Reached XP level 2. HP: 24/26 MP: 2/2
   694 | D:2      | Reached skill level 4 in Long Blades
   760 | D:2      | Reached XP level 3. HP: 25/31 MP: 3/3
  1188 | D:3      | Noticed Grinder
  1203 | D:3      | Killed Grinder
  1203 | D:3      | Reached skill level 6 in Long Blades
  1203 | D:3      | Reached XP level 4. HP: 31/38 MP: 4/4
  1203 | D:3      | Reached XP level 5. HP: 36/45 MP: 5/5
  1278 | D:3      | Noticed mopl's ghost (amateur FoWn)
  1357 | D:3      | Killed mopl's ghost
  1357 | D:3      | Reached skill level 7 in Long Blades
  1357 | D:3      | Reached XP level 6. HP: 31/51 MP: 6/6
  1439 | D:3      | Found a shadowy altar of Dithmenos.
  1468 | D:3      | Found a shimmering altar of Xom.
  1584 | D:3      | Found a glowing drain.
  1600 | Sewer    | Entered a sewer
  1818 | Sewer    | Your scales start taking on a fiery red colour.
  1818 | Sewer    | Reached XP level 7. HP: 57/57 MP: 7/7
  1818 | Sewer    | Gained mutation: Your flesh is heat resistant. (rF+) [Red Draconian growth]
  1861 | Sewer    | Reached skill level 8 in Long Blades
  2123 | D:3      | Noticed Robin
  2141 | D:3      | Killed Robin
  2484 | D:3      | Reached skill level 9 in Long Blades
  2597 | D:4      | Noticed Zgarb's ghost (novice DsAK)
  2615 | D:4      | Killed Zgarb's ghost
  2615 | D:4      | Reached skill level 10 in Long Blades
  2615 | D:4      | Reached XP level 8. HP: 63/63 MP: 8/8
  2983 | D:4      | Found a shadowy altar of Dithmenos.
  3431 | D:4      | Noticed a two-headed ogre
  3460 | D:5      | Entered Level 5 of the Dungeon
  3574 | D:5      | Found a staircase to the Ecumenical Temple.
  3593 | Temple   | Entered the Ecumenical Temple
  3875 | Temple   | Became a worshipper of Warmaster Okawaru
  3875 | Temple   | Reached * piety under Okawaru
  3875 | Temple   | Reached ** piety under Okawaru
  3934 | D:4      | Killed a two-headed ogre
  3934 | D:4      | Reached *** piety under Okawaru
  3934 | D:4      | Reached skill level 11 in Long Blades
  3944 | D:4      | Reached XP level 9. HP: 60/70 MP: 7/9
  4008 | D:4      | Reached skill level 12 in Long Blades
  5214 | D:6      | Reached **** piety under Okawaru
  5269 | D:6      | Reached skill level 13 in Long Blades
  5269 | D:6      | Reached skill level 1 in Evocations
  5371 | D:6      | Found an ancient bone altar of Kikubaaqudgha.
  5453 | D:6      | Noticed Blork the orc
  5456 | D:6      | Noticed Dowan
  5457 | D:6      | Noticed Duvessa
  5470 | D:6      | Killed Duvessa
  5472 | D:6      | Killed Dowan
  5475 | D:6      | Killed Blork the orc
  5617 | D:6      | Found a hazy altar of Hepliaklqana.
  6055 | D:6      | Noticed Prince Ribbit
  6213 | D:6      | Reached XP level 10. HP: 59/77 MP: 11/11
  6444 | D:6      | Killed Prince Ribbit
  6444 | D:6      | Reached skill level 14 in Long Blades
  6692 | D:7      | Noticed a deep elf mage
  6726 | D:7      | Killed a deep elf mage
  6827 | D:7      | Found a deep blue altar of Sif Muna.
  6857 | D:7      | Gained mutation: You are occasionally teleported next to monsters. [potion of mutation]
  6857 | D:7      | Gained mutation: You do not regenerate when monsters are visible. [potion of mutation]
  6857 | D:7      | Gained mutation: You have sharp toenails. [potion of mutation]
  6858 | D:7      | Lost mutation: You are occasionally teleported next to monsters. [potion of mutation]
  6858 | D:7      | Lost mutation: You have sharp toenails. [potion of mutation]
  6858 | D:7      | Lost mutation: You do not regenerate when monsters are visible. [potion of mutation]
  6858 | D:7      | Gained mutation: You do not regenerate when monsters are visible. [potion of mutation]
  6858 | D:7      | Gained mutation: Your mind is acute. (Int +2) [potion of mutation]
  6858 | D:7      | Gained mutation: You have sharp fingernails. [potion of mutation]
  7074 | D:7      | Reached ***** piety under Okawaru
  7093 | D:7      | Gained mutation: You have large cloven feet. [mutagenic meat]
  7095 | D:7      | Gained mutation: You have an increased reservoir of magic. (+10% MP) [mutagenic meat]
  7096 | D:7      | Lost mutation: You have an increased reservoir of magic. (+10% MP) [mutagenic meat]
  7097 | D:7      | Gained mutation: Your flesh is very heat resistant. (rF++) [mutagenic meat]
  7260 | D:7      | Found a burning altar of Makhleb.
  7260 | D:7      | Found a radiant altar of Vehumet.
  7397 | D:7      | Found a glowing golden altar of the Shining One.
  7397 | D:7      | Found a hide-covered altar of Uskayaw.
  7498 | D:8      | Found a stormy altar of Qazlal.
  7532 | D:8      | Received a gift from Okawaru
  7535 | D:8      | Got a bloodstained triple sword {god gift}
  7538 | D:8      | Identified the +4 triple sword of Sloth {slice, rF+} (Okawaru gifted it to you on level 8 of the Dungeon)
  7811 | D:8      | Reached skill level 15 in Long Blades
  7846 | D:8      | Found a bloodstained altar of Trog.
  8538 | D:9      | Noticed a two-headed ogre
  8551 | D:9      | Killed a two-headed ogre
  8577 | D:9      | Noticed an elephant
  8578 | D:9      | Found a staircase to the Lair.
  8579 | D:9      | Noticed a death yak
  8586 | D:8      | Reached XP level 11. HP: 30/82 MP: 13/13
  8825 | D:8      | Killed a death yak
  8825 | D:8      | Reached skill level 16 in Long Blades
  9118 | D:9      | Received a gift from Okawaru
  9387 | D:9      | Reached skill level 1 in Invocations
  9827 | D:9      | Found a sacrificial altar of Ru.
  9853 | D:9      | Found a snail-covered altar of Cheibriados.
  9921 | D:9      | Found a staircase to the Orcish Mines.
  9981 | D:10     | Entered Level 10 of the Dungeon
  9981 | D:10     | Noticed Josephine
  9992 | D:10     | Killed Josephine
 10246 | D:10     | Noticed Nergalle
 10260 | D:10     | Killed Nergalle
 10260 | D:10     | Reached skill level 17 in Long Blades
 10435 | D:10     | Received a gift from Okawaru
 11005 | D:11     | Noticed an unseen horror
 11055 | D:11     | Killed an unseen horror
 11491 | D:11     | Noticed a brown ugly thing
 11510 | D:11     | HP: 3/82 [red ugly thing (7)]
 11510 | D:11     | Slain by a red ugly thing

Skill      XL: |  1  2  3  4  5  6  7  8  9 10 11 |
---------------+----------------------------------+-----
Long Blades    | 4 6 7 10 11 13 15 17 | 17.4
Evocations     | 2 3 4 |  4.3
Invocations    | 1 |  1.4
Fighting       | |  3.5
Dodging        | |  2.9
Stealth        | |  1.8
Shields        | |  0.8

Action                   |  1- 3 |  4- 6 |  7- 9 | 10-12 || total
-------------------------+-------+-------+-------+-------++-------
Melee: Falchion          |   121 |    82 |   234 |       ||   437
       Tailslap          |    13 |    14 |    74 |    55 ||   156
       Unarmed           |     3 |       |       |       ||     3
       Short sword       |       |       |     4 |       ||     4
       Great sword       |       |       |   204 |    98 ||   302
       Triple sword      |       |       |       |   193 ||   193
       Kick              |       |       |       |     8 ||     8
       Long sword        |       |       |       |    46 ||    46
Throw: Tomahawk          |       |       |       |     4 ||     4
Invok: Heroism           |       |       |     4 |     2 ||     6
       Finesse           |       |       |       |     2 ||     2
 Abil: Evoke Berserk Rag |     1 |     2 |     7 |     6 ||    16
       Breathe Fire      |       |       |    11 |    11 ||    22
Evoke: Wand              |       |       |       |     1 ||     1
  Use: Scroll            |       |       |     8 |    11 ||    19
       Potion            |       |       |     4 |    26 ||    30
 Stab: Sleeping          |     5 |       |     8 |     8 ||    21
  Eat: Chunk             |     1 |     1 |    18 |    20 ||    40
       Bread ration      |       |     1 |     1 |     3 ||     5
       Fruit             |       |       |     1 |       ||     1
Armor: Skin              |    30 |    24 |   143 |   134 ||   331
Dodge: Dodged            |    89 |    49 |   332 |   216 ||   686
Block: Buckler           |       |       |       |    17 ||    17
       Rpst.: Falchion   |    29 |    10 |    51 |       ||    90
       Great sword       |       |       |    43 |    28 ||    71
       Triple sword      |       |       |       |    24 ||    24
       Long sword        |       |       |       |     7 ||     7
